[Event "Fagernes Chess GM-Swiss 2024"]
[Site "Fagernes"]
[Date "2024.03.25"]
[Round "2"]
[White "Daakshin Arun"]
[Black "Holand, Per Fredrik"]
[Result "1-0"]
[ECO "D13"]
[WhiteElo "2283"]
[BlackElo "2068"]
[Annotator "RC"]
[PlyCount "89"]
[EventDate "2024.03.25"]
[EventType "swiss"]
[EventCountry "NOR"]
[SourceTitle "playchess.com"]
[Source "ChessBase"]
[SourceQuality "1"]
[TimeControl "40/6000+30:2400+30"]

1. d4 d5 2. c4 c6 3. Nc3 Nf6 4. cxd5 cxd5 5. Bf4 Nc6 6. e3 a6 7. Be2 Bf5 8. Nf3 e6 9. Qb3 Bd6 10. Bxd6 Qxd6 11. Qxb7 O-O 12. Qb3 Rfc8 13. Rc1 Na5 14. Qa4 Nc4 15. Bxc4 Rxc4 16. Qa5 Rb8 17. Ne5 Rcc8 18. O-O Rxb2 19. Ne4 Qf8 20. Rxc8 Qxc8 21. Nd6 Qb8 22. Nxf5 exf5 23. Qxa6 h6 24. h3 Ne4 25. Qc6 Rb1 26. Rc1 Kh7 27. Nd3 Rxc1+ 28. Qxc1 Qa7 29. Qc2 Qa5 30. Kh2 g6 31. Qb2 Qc7+ 32. Kg1 Nc3 33. Nc5 Ne4 34. Nxe4 fxe4 35. a4 f5 36. Qb5 f4 37. Qxd5 fxe3 38. fxe3 Qc1+ 39. Kh2 Qxe3 40. Qf7+ Kh8 41. Qf6+ Kh7 42. d5 Qd3 43. d6 e3 44. Qe7+ Kg8 45. d7 1-0

[Event "Fagernes Chess GM-Swiss 2024"]
[Site "Fagernes"]
[Date "2024.03.25"]
[Round "2"]
[White "Krishnan, Ritvik"]
[Black "Evenshaug, Amadeus Hestvik"]
[Result "1/2-1/2"]
[ECO "B39"]
[WhiteElo "2277"]
[BlackElo "2035"]
[Annotator "RC"]
[PlyCount "188"]
[EventDate "2024.03.25"]
[EventType "swiss"]
[EventCountry "NOR"]
[SourceTitle "playchess.com"]
[Source "ChessBase"]
[SourceQuality "1"]
[TimeControl "40/6000+30:2400+30"]

1. e4 c5 2. Nf3 Nc6 3. d4 cxd4 4. Nxd4 g6 5. c4 Bg7 6. Be3 Nf6 7. Nc3 Ng4 8. Qxg4 Nxd4 9. Qd1 Ne6 10. Rc1 Qa5 11. Qd2 b6 12. Bd3 Bb7 13. O-O g5 14. Rfd1 d6 15. Bb1 Rc8 16. b3 h5 17. Qb2 Bxc3 18. Rxc3 Qe5 19. f3 f6 20. Qd2 Nf4 21. Kh1 h4 22. Bd4 Qa5 23. Qb2 g4 24. fxg4 Qg5 25. h3 Ne6 26. Bg1 Rg8 27. Rf3 Qe5 28. Qe2 Ng5 29. Rf5 Qe6 30. Re1 Rc7 31. a4 Rg7 32. Bd3 Nf7 33. a5 bxa5 34. Rxa5 a6 35. c5 dxc5 36. Bxa6 Bxa6 37. Rxa6 Qxb3 38. Ra8+ Kd7 39. Bh2 e5 40. Qd2+ Ke7 41. Rd1 Qb7 42. Rd8 c4 43. Rd5 c3 44. Qa2 Rg8 45. Qa3+ Ke8 46. Ra5 c2 47. Ra8+ Rc8 48. Rxc8+ Qxc8 49. Rc1 Qc6 50. Qd3 Qd6 51. Qxc2 Kf8 52. Qf2 Kg7 53. Qxh4 Rb8 54. Qe1 Rb2 55. Qf1 Qd2 56. Bg3 Qe2 57. Bh4 Qxf1+ 58. Rxf1 Rb6 59. Kh2 Kg6 60. Rf5 Re6 61. Kg3 Ra6 62. Rf3 Rb6 63. Rd3 Ra6 64. Kf3 Rb6 65. Be1 Ng5+ 66. Ke3 Rb1 67. Bh4 Ne6 68. Rd6 Rb3+ 69. Ke2 Kf7 70. Rd2 Nd4+ 71. Kf2 Kg6 72. Bg3 Rb4 73. Bh2 Ne6 74. Re2 Nd4 75. Re1 Rb2+ 76. Kg1 Ne2+ 77. Kf1 Nd4 78. Bg1 Ne6 79. Bf2 Nf4 80. Bg3 Ne6 81. h4 Ra2 82. Re2 Ra3 83. Kf2 Nd4 84. Rb2 Ne6 85. Rb6 Nc5 86. Bh2 Nxe4+ 87. Ke2 Nc3+ 88. Ke1 Nd5 89. Rd6 Ra1+ 90. Kd2 Ra2+ 91. Kc1 Rxg2 92. Bxe5 Rxg4 93. Rxd5 fxe5 94. Rxe5 Rxh4 1/2-1/2

[Event "Fagernes Chess GM-Swiss 2024"]
[Site "Fagernes"]
[Date "2024.03.25"]
[Round "2"]
[White "Lindh, Fredrik"]
[Black "Sachi Jain"]
[Result "1-0"]
[ECO "C17"]
[WhiteElo "2256"]
[BlackElo "1992"]
[Annotator "RC"]
[PlyCount "114"]
[EventDate "2024.03.25"]
[EventType "swiss"]
[EventCountry "NOR"]
[SourceTitle "playchess.com"]
[Source "ChessBase"]
[SourceQuality "1"]
[TimeControl "40/6000+30:2400+30"]

1. e4 e6 2. d4 d5 3. Nc3 Bb4 4. e5 c5 5. Bd2 Ne7 6. Nb5 Bxd2+ 7. Qxd2 O-O 8. dxc5 Nd7 9. Nf3 Nxc5 10. Bd3 Nxd3+ 11. Qxd3 Ng6 12. O-O Bd7 13. Nbd4 Qc7 14. Rfe1 Rfc8 15. h4 h6 16. h5 Nf8 17. Nh2 Ba4 18. c3 Qe7 19. f4 Bd7 20. Nhf3 b5 21. a3 a5 22. b4 Qd8 23. Nb3 Qb6+ 24. Nfd4 a4 25. Nc5 Be8 26. Re3 Nd7 27. Nxd7 Bxd7 28. Rf1 Rc4 29. Rff3 Rac8 30. Qd1 Qd8 31. Rg3 R8c7 32. Qg4 Qf8 33. Kh2 Kh8 34. Qh4 Rc8 35. Rgf3 Qd8 36. Qh3 Qb6 37. Qh4 Qd8 38. Qxd8+ Rxd8 39. g4 Kh7 40. f5 Kg8 41. Kg3 Rb8 42. Kh4 Rb6 43. f6 Rb8 44. g5 Rbc8 45. fxg7 Kxg7 46. gxh6+ Kxh6 47. Rf6+ Kg7 48. Rg3+ Kf8 49. h6 Ke7 50. Rgf3 Rf8 51. h7 Rcc8 52. Kg5 Rce8 53. Kh6 Rh8 54. Rxf7+ Kd8 55. Kg7 Kc7 56. Rf8 Ra8 57. R8f6 Bc8 1-0

[Event "Fagernes Chess GM-Swiss 2024"]
[Site "Fagernes"]
[Date "2024.03.25"]
[Round "2"]
[White "Brattgjerd, Isak Vinh"]
[Black "Kaewpitakkun, Pantham"]
[Result "1-0"]
[ECO "B52"]
[WhiteElo "2228"]
[BlackElo "1989"]
[Annotator "RC"]
[PlyCount "57"]
[EventDate "2024.03.25"]
[EventType "swiss"]
[EventCountry "NOR"]
[SourceTitle "playchess.com"]
[Source "ChessBase"]
[SourceQuality "1"]
[TimeControl "40/6000+30:2400+30"]

1. e4 c5 2. Nf3 d6 3. Bb5+ Bd7 4. Bxd7+ Qxd7 5. O-O Nf6 6. Re1 Nc6 7. h3 a6 8. a4 g6 9. c3 Bg7 10. d4 cxd4 11. cxd4 O-O 12. Nc3 Rac8 13. Bg5 e6 14. Qe2 Na5 15. Rad1 d5 16. Ne5 Qd6 17. Bxf6 Bxf6 18. exd5 exd5 19. Qf3 Rcd8 20. Nxd5 Qxd5 21. Qxf6 Qd6 22. Qh4 Nc6 23. Nf3 h5 24. Qg5 Kg7 25. d5 Nb4 26. Re7 Rd7 27. Nd4 Qxd5 28. Ne6+ Qxe6 29. Rdxd7 1-0

[Event "Fagernes Chess GM-Swiss 2024"]
[Site "Fagernes"]
[Date "2024.03.25"]
[Round "2"]
[White "Skotheim, Andreas"]
[Black "Sidhant, Mohapatra"]
[Result "0-1"]
[ECO "B23"]
[WhiteElo "2214"]
[BlackElo "2379"]
[Annotator "RC"]
[PlyCount "108"]
[EventDate "2024.03.25"]
[EventType "swiss"]
[EventCountry "NOR"]
[SourceTitle "playchess.com"]
[Source "ChessBase"]
[SourceQuality "1"]
[TimeControl "40/6000+30:2400+30"]

1. e4 c5 2. Nc3 a6 3. g3 b5 4. Bg2 Bb7 5. d3 e6 6. Nh3 b4 7. Na4 d5 8. O-O Nf6 9. Bg5 Qa5 10. b3 Nbd7 11. exd5 Bxd5 12. Nf4 Bxg2 13. Kxg2 Be7 14. Nh5 O-O 15. Nxf6+ Bxf6 16. Bxf6 Nxf6 17. Nb2 Qc7 18. Nc4 Rfd8 19. a3 a5 20. axb4 cxb4 21. Qf3 Nd5 22. h4 Nc3 23. Rfe1 Nb5 24. Re4 f5 25. Re5 Nd4 26. Qd1 Qc6+ 27. Kh3 Rd5 28. Rxa5 Rdxa5 29. Rxa5 Rxa5 30. Nxa5 Qa8 31. Nc4 Nxc2 32. Kh2 Nd4 33. Nd2 h6 34. Qc1 Kh7 35. Qc4 Qa1 36. Kg2 Qc3 37. h5 Kg8 38. Nb1 Qxc4 39. bxc4 Kf7 40. f4 Ke7 41. Kf2 Kd6 42. Ke3 Kc5 43. Kd2 b3 44. Ke3 Kb4 45. Kd2 Nc2 46. Nc3 Ne3 47. Ne2 b2 48. Nc3 Kb3 49. Nb1 Nc2 50. Nc3 Na3 51. c5 Nb5 52. Nb1 Ka2 53. Kc2 Nd4+ 54. Kc3 Kxb1 0-1

[Event "Fagernes Chess GM-Swiss 2024"]
[Site "Fagernes"]
[Date "2024.03.25"]
[Round "2"]
[White "Andersen, Morten"]
[Black "Makka, Ioulia"]
[Result "0-1"]
[ECO "E00"]
[WhiteElo "2178"]
[BlackElo "1983"]
[Annotator "RC"]
[PlyCount "86"]
[EventDate "2024.03.25"]
[EventType "swiss"]
[EventCountry "NOR"]
[SourceTitle "playchess.com"]
[Source "ChessBase"]
[SourceQuality "1"]
[TimeControl "40/6000+30:2400+30"]

1. d4 Nf6 2. c4 e6 3. g3 Bb4+ 4. Bd2 Qe7 5. Bg2 Bxd2+ 6. Qxd2 d6 7. e4 e5 8. d5 a5 9. Ne2 Nbd7 10. Nbc3 Nc5 11. O-O O-O 12. Rab1 Bd7 13. Nc1 Rfb8 14. Nd3 Nxd3 15. Qxd3 Qe8 16. Rfc1 Qc8 17. f4 Bh3 18. f5 Bxg2 19. Kxg2 Nd7 20. Qe3 Nc5 21. Rf1 f6 22. g4 Qd8 23. Rf3 Qe7 24. h4 Kh8 25. g5 Qf7 26. Nb5 Rd8 27. Rg3 c6 28. Nc3 Qh5 29. Kh3 Rg8 30. Rbg1 g6 31. gxf6 gxf5 32. Rg5 f4 33. Rxh5 fxe3 34. Re1 Nd3 35. f7 Rgf8 36. Rxe3 Nf4+ 37. Kg4 Nxh5 38. Kxh5 Rxf7 39. dxc6 bxc6 40. Rd3 Rf6 41. c5 dxc5 42. Kg4 Rg8+ 43. Kh3 Rf1 0-1

[Event "Fagernes Chess GM-Swiss 2024"]
[Site "Fagernes"]
[Date "2024.03.25"]
[Round "2"]
[White "Vijayakumar, Rishi"]
[Black "Okuno Okuno, Rion"]
[Result "1/2-1/2"]
[ECO "D38"]
[WhiteElo "2156"]
[BlackElo "1981"]
[Annotator "RC"]
[PlyCount "54"]
[EventDate "2024.03.25"]
[EventType "swiss"]
[EventCountry "NOR"]
[SourceTitle "playchess.com"]
[Source "ChessBase"]
[SourceQuality "1"]
[TimeControl "40/6000+30:2400+30"]

1. d4 Nf6 2. c4 e6 3. Nf3 d5 4. Nc3 Bb4 5. cxd5 exd5 6. Bg5 h6 7. Bh4 O-O 8. e3 Bf5 9. Qb3 Bxc3+ 10. Qxc3 Nbd7 11. Be2 Ne4 12. Qa5 Ndf6 13. Rc1 c6 14. Qxd8 Rfxd8 15. Bxf6 Nxf6 16. Ne5 Ne8 17. Bd3 Bxd3 18. Nxd3 Nd6 19. a4 a5 20. f3 Re8 21. Kf2 Re7 22. Rhe1 f6 23. Rc3 Rae8 24. b3 Nf5 25. Nf4 g5 26. Nh5 Kf7 27. Rd3 Kg6 1/2-1/2

[Event "Fagernes Chess GM-Swiss 2024"]
[Site "Fagernes"]
[Date "2024.03.25"]
[Round "2"]
[White "Eliseev, Sergey"]
[Black "Bech, Havard Eriksen"]
[Result "1-0"]
[ECO "B13"]
[WhiteElo "2131"]
[BlackElo "1951"]
[Annotator "RC"]
[PlyCount "149"]
[EventDate "2024.03.25"]
[EventType "swiss"]
[EventCountry "NOR"]
[SourceTitle "playchess.com"]
[Source "ChessBase"]
[SourceQuality "1"]
[TimeControl "40/6000+30:2400+30"]

1. e4 c6 2. d4 d5 3. exd5 cxd5 4. Bd3 Nc6 5. c3 Nf6 6. h3 e5 7. dxe5 Nxe5 8. Nf3 Nxd3+ 9. Qxd3 Bd6 10. O-O O-O 11. Bg5 h6 12. Bh4 g5 13. Bg3 Bxg3 14. fxg3 Ne4 15. Nd4 f5 16. Nd2 Qd6 17. Rf3 Bd7 18. Raf1 Qe5 19. N2b3 Rae8 20. Ne2 h5 21. Nbd4 Re7 22. h4 gxh4 23. gxh4 Rg7 24. Nf4 Rg4 25. g3 Rf7 26. Kh2 Rfg7 27. Nde2 Kh8 28. Kh3 a6 29. Rg1 Bb5 30. Qd4 Qe8 31. Nc1 Bc6 32. Ncd3 Kh7 33. Kh2 Re7 34. Nf2 Rg8 35. N4h3 Qg6 36. Nd1 Qg4 37. Rf4 Qg6 38. Ne3 Rf8 39. Rf3 Qg8 40. Rxf5 Rxf5 41. Nxf5 Rf7 42. Ne3 Rf3 43. c4 dxc4 44. Nxc4 Rxg3 45. Ng5+ Nxg5 46. Rxg3 Nf3+ 47. Rxf3 Bxf3 48. Qd3+ Kh6 49. Qe3+ Kg7 50. Qg5+ Kh7 51. Qf5+ Kg7 52. Ne5 Bd5 53. Qg5+ Kh7 54. Qxh5+ Kg7 55. Qg6+ Kf8 56. Qd6+ Ke8 57. Ng6 Qe6 58. Qxe6+ Bxe6 59. a3 Kf7 60. Nf4 Bf5 61. Kg3 Be4 62. Ne2 Kg6 63. Kf4 Bc6 64. Nd4 Bh1 65. Nf5 Bg2 66. Ng3 Bc6 67. Ke5 Bf3 68. Kd6 Bg2 69. Kc5 Bf3 70. a4 Kf6 71. a5 Kg6 72. b4 Kf6 73. Kb6 Ke6 74. h5 Bd1 75. Kxb7 1-0

[Event "Fagernes Chess GM-Swiss 2024"]
[Site "Fagernes"]
[Date "2024.03.25"]
[Round "2"]
[White "Fiskaaen, Martin Holten"]
[Black "Skramstad, Oda Kofoed"]
[Result "1-0"]
[ECO "E71"]
[WhiteElo "2118"]
[BlackElo "1945"]
[Annotator "NA RC"]
[PlyCount "75"]
[EventDate "2024.03.25"]
[EventType "swiss"]
[EventCountry "NOR"]
[SourceTitle "playchess.com"]
[Source "ChessBase"]
[SourceQuality "1"]
[TimeControl "40/6000+30:2400+30"]

1. d4 Nf6 2. c4 g6 3. Nc3 Bg7 4. e4 d6 5. h3 e5 6. dxe5 dxe5 7. Qxd8+ Kxd8 8. Bg5 Be6 9. O-O-O+ Kc8 10. Nf3 Nc6 11. Be2 b6 12. Be3 Kb7 13. Rd2 Rad8 14. Rhd1 Rxd2 15. Rxd2 h6 16. Rd1 Nd7 17. a3 a5 18. Bf1 Nc5 19. Bxc5 bxc5 20. Na4 Bf8 21. Ne1 Ka7 22. Nd3 Bxc4 23. Ndxc5 Bxf1 24. Rxf1 Nd4 25. Nd3 Bd6 26. Nc3 Nb3+ 27. Kc2 Rb8 28. f4 Nd4+ 29. Kd1 Rb3 30. fxe5 Bxa3 31. bxa3 Rxc3 32. Kd2 Rc4 33. Rxf7 Nb3+ 34. Ke3 Rc3 35. e6 Nc1 36. e7 Rxd3+ 37. Kf4 Ne2+ 38. Ke5 1-0

[Event "Fagernes Chess GM-Swiss 2024"]
[Site "Fagernes"]
[Date "2024.03.25"]
[Round "2"]
[White "Mihajlov, Svetoslav"]
[Black "Juodziukynas, Aidas"]
[Result "1/2-1/2"]
[ECO "E15"]
[WhiteElo "2094"]
[BlackElo "1893"]
[Annotator "NA RC"]
[PlyCount "139"]
[EventDate "2024.03.25"]
[EventType "swiss"]
[EventCountry "NOR"]
[SourceTitle "playchess.com"]
[Source "ChessBase"]
[SourceQuality "1"]
[TimeControl "40/6000+30:2400+30"]

1. d4 Nf6 2. c4 e6 3. Nf3 b6 4. g3 Ba6 5. b3 d5 6. cxd5 exd5 7. Bg2 Bd6 8. O-O O-O 9. Bb2 Re8 10. Re1 Nbd7 11. Nc3 Rc8 12. Nh4 c6 13. Nf5 Bb4 14. a3 Bxc3 15. Bxc3 Nf8 16. f3 c5 17. e4 dxe4 18. fxe4 cxd4 19. Qxd4 Qc7 20. Rac1 Qc5 21. Qxc5 Rxc5 22. Bxf6 gxf6 23. Rxc5 bxc5 24. Rc1 Ne6 25. Ne3 Rb8 26. Rc3 Nd4 27. Rxc5 Rxb3 28. Ra5 Bb5 29. a4 Ra3 30. Nf5 Ra1+ 31. Kf2 Ra2+ 32. Ke3 Nxf5+ 33. exf5 a6 34. Bb7 Ra3+ 35. Kd4 Rxa4+ 36. Rxa4 Bxa4 37. Bxa6 Kg7 38. Bd3 Bb3 39. Kc5 Ba2 40. Kd6 Bb3 41. Ke7 Bd5 42. Bb5 Be4 43. g4 h6 44. Bc4 Bf3 45. h3 Bd1 46. Bxf7 Bf3 47. Bh5 Be2 48. h4 Bf3 49. Kd6 Be4 50. Kc5 Kf8 51. Kd4 Bg2 52. Ke3 Ke7 53. Kf4 Bd5 54. Bg6 Bc6 55. g5 hxg5+ 56. hxg5 fxg5+ 57. Kxg5 Kf8 58. Kf4 Bd7 59. f6 Bc8 60. Ke5 Bg4 61. Be4 Bh5 62. Bd5 Bg4 63. Be6 Bxe6 64. Kxe6 Ke8 65. Ke5 Kf8 66. Kf5 Kf7 67. Kg5 Kf8 68. Kg6 Kg8 69. f7+ Kf8 70. Kf6 1/2-1/2

[Event "Fagernes Chess GM-Swiss 2024"]
[Site "Fagernes"]
[Date "2024.03.25"]
[Round "2"]
[White "Havik, Victor"]
[Black "Elsness, Fredrik Valstad"]
[Result "1-0"]
[ECO "D92"]
[WhiteElo "2078"]
[BlackElo "1873"]
[Annotator "NA RC"]
[PlyCount "93"]
[EventDate "2024.03.25"]
[EventType "swiss"]
[EventCountry "NOR"]
[SourceTitle "playchess.com"]
[Source "ChessBase"]
[SourceQuality "1"]
[TimeControl "40/6000+30:2400+30"]

1. d4 Nf6 2. c4 g6 3. Nc3 d5 4. Nf3 Bg7 5. Bf4 O-O 6. Rc1 dxc4 7. e3 c5 8. Bxc4 Bg4 9. dxc5 Qa5 10. h3 Bxf3 11. Qxf3 Nc6 12. O-O Qxc5 13. Nb5 Qb4 14. b3 Rac8 15. Rfd1 a6 16. Nd4 Qa5 17. Nxc6 Rxc6 18. a4 Rfc8 19. g4 e5 20. Bg5 Qc7 21. Bxf6 Bxf6 22. Rd5 Bh4 23. Qd1 Rf6 24. Rd7 Bxf2+ 25. Kh2 Qb8 26. Bxf7+ Rxf7 27. Rxc8+ Qxc8 28. Rd8+ Qxd8 29. Qxd8+ Kg7 30. Qd5 Re7 31. Qc5 Bh4 32. Kg2 Kf7 33. Kf3 Bf6 34. Qd5+ Kg7 35. Ke4 h6 36. Qc4 Rd7 37. Qc8 Re7 38. Qc3 Rd7 39. Qe1 g5 40. Qb4 Rf7 41. Qd6 Re7 42. Kf5 Rf7 43. Qb8 Re7 44. Qd8 Rf7 45. Qe8 Re7 46. Qg6+ Kf8 47. Kxf6 1-0

[Event "Fagernes Chess GM-Swiss 2024"]
[Site "Fagernes"]
[Date "2024.03.25"]
[Round "2"]
[White "Sian, Shadi"]
[Black "Avetisyan, Ani"]
[Result "1-0"]
[ECO "D37"]
[WhiteElo "2076"]
[BlackElo "1840"]
[Annotator "NA RC"]
[PlyCount "65"]
[EventDate "2024.03.25"]
[EventType "swiss"]
[EventCountry "NOR"]
[SourceTitle "playchess.com"]
[Source "ChessBase"]
[SourceQuality "1"]
[TimeControl "40/6000+30:2400+30"]

1. d4 d5 2. c4 e6 3. Nc3 Be7 4. Nf3 Nf6 5. Bf4 O-O 6. e3 Nbd7 7. cxd5 Nxd5 8. Nxd5 exd5 9. a3 c6 10. Bd3 Re8 11. O-O Nf8 12. Qc2 Ng6 13. Bg3 Bd6 14. b4 a6 15. Nd2 Qf6 16. Nb3 Nf8 17. Nc5 h5 18. Qe2 g6 19. Bxd6 Qxd6 20. Qf3 Kg7 21. Qg3 Qe7 22. h3 Nh7 23. Rfe1 Nf6 24. Rad1 Rd8 25. Qf4 Ne8 26. f3 Nd6 27. Qe5+ Qxe5 28. dxe5 Nb5 29. a4 Nc7 30. a5 Ne6 31. Na4 Bd7 32. Bb1 Nc7 33. f4 1-0

[Event "Fagernes Chess GM-Swiss 2024"]
[Site "Fagernes"]
[Date "2024.03.25"]
[Round "2"]
[White "Amundsen, Ask"]
[Black "Melaa, Sondre"]
[Result "1/2-1/2"]
[ECO "A07"]
[WhiteElo "2069"]
[BlackElo "2285"]
[Annotator "RC"]
[PlyCount "73"]
[EventDate "2024.03.25"]
[EventType "swiss"]
[EventCountry "NOR"]
[SourceTitle "playchess.com"]
[Source "ChessBase"]
[SourceQuality "1"]
[TimeControl "40/6000+30:2400+30"]

1. Nf3 d5 2. g3 g6 3. Bg2 Bg7 4. O-O e5 5. d3 Nc6 6. Nc3 d4 7. Ne4 Nge7 8. c3 h6 9. cxd4 exd4 10. Qa4 O-O 11. b4 a6 12. a3 Re8 13. Bb2 Nf5 14. Rac1 Rb8 15. Rfe1 Be6 16. Nfd2 Bd5 17. Nc5 Bxg2 18. Kxg2 Ne5 19. Nf3 Nxf3 20. exf3 c6 21. Qc2 Re7 22. Qd2 Qc7 23. Rxe7 Qxe7 24. Re1 Qd6 25. Qc1 Qc7 26. Qc4 a5 27. Bc1 Ra8 28. Bf4 Qc8 29. b5 Bf8 30. b6 Qd8 31. Bc7 Qg5 32. Ne4 Qe7 33. f4 Bg7 34. Qc5 Qe6 35. Qc4 Qe7 36. Qc5 Qe6 37. Qc4 1/2-1/2

[Event "Fagernes Chess GM-Swiss 2024"]
[Site "Fagernes"]
[Date "2024.03.25"]
[Round "2"]
[White "Lilliehook, Victor"]
[Black "Al-Tarboush, Ward"]
[Result "1/2-1/2"]
[ECO "B42"]
[WhiteElo "2060"]
[BlackElo "2277"]
[Annotator "RC"]
[PlyCount "162"]
[EventDate "2024.03.25"]
[EventType "swiss"]
[EventCountry "NOR"]
[SourceTitle "playchess.com"]
[Source "ChessBase"]
[SourceQuality "1"]
[TimeControl "40/6000+30:2400+30"]

1. e4 c5 2. Nf3 e6 3. d4 cxd4 4. Nxd4 a6 5. Bd3 Ne7 6. c4 Nbc6 7. Nc2 g6 8. Nc3 Bg7 9. O-O O-O 10. Be3 d5 11. cxd5 exd5 12. Bc5 Re8 13. Bxe7 Nxe7 14. Nxd5 Nxd5 15. exd5 Qxd5 16. Ne3 Qg5 17. Rb1 b5 18. Qf3 Be6 19. b3 Rad8 20. Rbd1 h5 21. h3 f5 22. Rfe1 Kh7 23. Nf1 Bd5 24. Qg3 Qxg3 25. Nxg3 Rxe1+ 26. Rxe1 Bxb3 27. Bxb5 axb5 28. axb3 Rd2 29. Re2 Rd1+ 30. Nf1 Rb1 31. Re3 b4 32. g4 fxg4 33. hxg4 hxg4 34. Kg2 Bc3 35. Nh2 Rxb3 36. Nxg4 Rb1 37. Re7+ Kg8 38. Rc7 Rd1 39. Rc6 Kf7 40. Ne3 Rd2 41. Nc4 Rd5 42. Nd6+ Kg7 43. Ne4 Rd3 44. Rc4 Kf7 45. f3 Be1 46. Kf1 Rd1 47. Ke2 Rb1 48. Nd2 Bxd2 49. Kxd2 Rb3 50. Rf4+ Ke6 51. Kc2 Ra3 52. Rxb4 Rxf3 53. Kd2 Kf5 54. Ke2 Rf4 55. Rb1 Ke4 56. Rg1 Rf6 57. Rg4+ Ke5 58. Rg3 Ra6 59. Kf2 Kf4 60. Rf3+ Kg4 61. Rb3 Ra2+ 62. Kg1 g5 63. Rb1 Kh4 64. Rc1 g4 65. Rb1 Kh3 66. Rb3+ g3 67. Rb1 Rg2+ 68. Kh1 Rd2 69. Kg1 Rd3 70. Ra1 Kg4 71. Kg2 Rd2+ 72. Kg1 Re2 73. Rb1 Re3 74. Kg2 Re2+ 75. Kg1 Kf3 76. Rb3+ Re3 77. Rxe3+ Kxe3 78. Kg2 Kf4 79. Kg1 Kf3 80. Kf1 g2+ 81. Kg1 Kg3 1/2-1/2

[Event "Fagernes Chess GM-Swiss 2024"]
[Site "Fagernes"]
[Date "2024.03.25"]
[Round "2"]
[White "Shivika Rohilla"]
[Black "Prraneeth Vuppala"]
[Result "1-0"]
[ECO "A09"]
[WhiteElo "2003"]
[BlackElo "2506"]
[Annotator "TA"]
[PlyCount "75"]
[EventDate "2024.03.25"]
[EventType "swiss"]
[EventCountry "NOR"]
[SourceTitle "playchess.com"]
[Source "ChessBase"]
[SourceQuality "1"]
[TimeControl "40/6000+30:2400+30"]

1. Nf3 d5 2. c4 d4 3. b4 Na6 4. Bb2 e5 5. Nxe5 Bxb4 6. Nf3 c5 7. g3 Nf6 8. Bg2 O-O 9. O-O Re8 10. e3 Be6 (10... Bg4 $11) 11. Qc1 (11. Qc2 $14) 11... Rc8 12. Na3 Bxa3 13. Bxa3 Qd7 14. Rb1 Bf5 15. Rb3 b6 16. exd4 cxd4 17. d3 {[%emt 0:00:06] Wards off Ne4} Re2 18. Qf4 Rxa2 {[%emt 0:01:11] [#]} (18... Bg6 $14) 19. Nxd4 (19. Ne5 $1 $16 Qe6 20. Nc6 (20. Qxd4 Re8 $11) 20... Rxc6 21. Bxc6) 19... Bg6 $11 20. Re1 h6 ({Much weaker is} 20... Nc5 21. Bxc5 Rxc5 (21... bxc5 $2 22. Nc6 $18) 22. Nc6 $14) 21. Nb5 Re8 22. Rxe8+ Qxe8 23. Qe3 (23. Nxa7 $2 {loses.} Qe1+ (23... Qa4 $2 24. Rb1 $19) 24. Bf1 Ra1 $19) 23... Qd7 (23... Qxe3 $11 24. fxe3 Rd2) 24. h3 $1 $14 Kh7 25. Bd6 (25. d4 $1 $14) 25... Ne8 {[%emt 0:03:29] [#]} (25... Ra1+ $11 {keeps the balance.} 26. Kh2 Nc5 27. Bxc5 bxc5) 26. Ba3 {[%emt 0:00:48] White is more active. A strong pair of Bishops.} (26. Ra3 $1 $16 Rxa3 27. Bxa3) 26... Nec7 27. d4 Nxb5 28. cxb5 (28. Rxb5 $11 Nc7 29. Re5) 28... Nc7 $17 29. d5 Nxd5 30. Qd4 Nf6 (30... Qc8 {looks sharper.} 31. Bb2 Nf6 32. Rb4 Qc2) 31. Qxd7 Nxd7 32. Bd6 {[%emt 0:00:42] Repels Ne5} Nc5 33. Bxc5 bxc5 34. Rc3 Rc2 35. Ra3 Rb2 {[%emt 0:01:30] The position is equal.} 36. Bf1 Be4 37. f3 Bd5 38. Rc3 {[%emt 0:00:06][%mdl 32768] Weighted Error Value: White=0.18 (very precise) /Black=0.17 (very precise) .  Mistake:       	White=6     	Black=4      Inaccurate:     	---       	Black=4      OK:         	White=16    	Black=11     Best:        	White=1     	Black=1      Strong:       	White=1     	---       . Loss on time!?} (38. Rxa7 $11 c4 39. Rc7) 1-0

[Event "Fagernes Chess GM-Swiss 2024"]
[Site "Fagernes"]
[Date "2024.03.25"]
[Round "2"]
[White "Joel Paul Ganta"]
[Black "Moreby, James"]
[Result "0-1"]
[ECO "B74"]
[WhiteElo "1993"]
[BlackElo "2260"]
[Annotator "RC"]
[PlyCount "80"]
[EventDate "2024.03.25"]
[EventType "swiss"]
[EventCountry "NOR"]
[SourceTitle "playchess.com"]
[Source "ChessBase"]
[SourceQuality "1"]
[TimeControl "40/6000+30:2400+30"]

1. e4 c5 2. Nf3 d6 3. d4 cxd4 4. Nxd4 Nf6 5. Nc3 a6 6. Nb3 g6 7. Be2 Bg7 8. O-O O-O 9. a4 Nc6 10. Be3 b6 11. Nd2 Rb8 12. f4 Bb7 13. Qe1 Nb4 14. Qf2 Nd7 15. Rfc1 Qc7 16. Nc4 Nc5 17. e5 Rfc8 18. exd6 exd6 19. f5 Nd5 20. Bd4 Nxc3 21. bxc3 Ne4 22. Qh4 Nxc3 23. Bxc3 Bxc3 24. Ra3 Re8 25. Bd3 Bb2 26. fxg6 fxg6 27. Nxb2 Qc5+ 28. Kh1 Qxa3 29. Qf6 Qb4 30. Rf1 Rf8 31. Bc4+ Qxc4 32. Qxf8+ Rxf8 33. Rxf8+ Kxf8 34. Nxc4 Ke7 35. Nxb6 d5 36. c4 d4 37. Kg1 Kd6 38. Kf2 Kc5 39. a5 Kb4 40. Ke2 Kc3 0-1

[Event "Fagernes Chess GM-Swiss 2024"]
[Site "Fagernes"]
[Date "2024.03.25"]
[Round "2"]
[White "Thangavel, Gokul"]
[Black "Hedman, Erik"]
[Result "0-1"]
[ECO "E54"]
[WhiteElo "1990"]
[BlackElo "2311"]
[Annotator "RC"]
[PlyCount "116"]
[EventDate "2024.03.25"]
[EventType "swiss"]
[EventCountry "NOR"]
[SourceTitle "playchess.com"]
[Source "ChessBase"]
[SourceQuality "1"]
[TimeControl "40/6000+30:2400+30"]

1. d4 Nf6 2. c4 e6 3. Nc3 Bb4 4. Nf3 O-O 5. e3 d5 6. Bd3 dxc4 7. Bxc4 c5 8. O-O cxd4 9. exd4 b6 10. Bg5 h6 11. Bh4 Bb7 12. Ne5 Nbd7 13. Qe2 Nxe5 14. dxe5 Qd4 15. Bg3 Bxc3 16. bxc3 Qe4 17. f3 Qxe2 18. Bxe2 Nd5 19. c4 Nc3 20. Rf2 Rfc8 21. Bf1 Ba6 22. Rc1 Nd5 23. Rfc2 Ne3 24. Rc3 Nxf1 25. Kxf1 Rxc4 26. Rxc4 Rc8 27. Ke1 Bxc4 28. Bf2 b5 29. a3 a6 30. Bb6 g5 31. Rc3 Kg7 32. Kf2 Kg6 33. Kg3 Kf5 34. Re3 Bd5 35. h4 Rc2 36. hxg5 hxg5 37. Kh3 Kf4 38. g3+ Kf5 39. Bd4 Rf2 40. Rc3 Rxf3 41. Rxf3+ Bxf3 42. Bc3 Ke4 43. Kh2 Kd3 44. Bb4 Kd4 45. Kg1 Kxe5 46. Kf2 Ke4 47. Be7 g4 48. Bb4 f5 49. Bd6 Kd3 50. Bc7 Kc4 51. Ke3 Kb3 52. Bd6 a5 53. Kd2 b4 54. axb4 a4 55. b5 a3 56. Be5 a2 57. b6 Bd5 58. Kd3 f4 0-1